 Dungeon Crawl Stone Soup version 0.22-b1-21-g5cfc168 (webtiles) character file.

1295 tyranidshit the Agent of Entropy (level 8, -4/64 HPs)
             Began as a Demonspawn Abyssal Knight on Aug 3, 2018.
             Was a Priest of Lugonu.
             Slain by a gnoll
             ... wielding a +0 flail
              (8 damage)
             ... on level 6 of the Dungeon.
             The game lasted 00:12:42 (4242 turns).

tyranidshit the Agent of Entropy (DsAK)             Turns: 4242, Time: 00:12:42

Health: -4/64      AC: 14    Str: 19    XL:     8   Next: 30%
Magic:  0/12       EV:  7    Int: 14    God:    Lugonu [***...]
Gold:   106        SH:  0    Dex: 12    Spells: 7/7 levels left

rFire    . . .     SeeInvis .   a - +2 hand axe
rCold    + + .     Gourm    .   (no shield)
rNeg     . . .     Faith    .   o - +0 chain mail
rPois    +         Spirit   +   (helmet restricted)
rElec    .         Reflect  .   (no cloak)
rCorr    .         Harm     .   (no gloves)
MR       .....                  n - +1 pair of boots of Nealyus {rC+ Str+4}
Stlth    ..........             s - amulet of guardian spirit
HPRegen  0.20/turn              d - ring of poison resistance
MPRegen  0.13/turn              m - ring of protection from cold

@: heavily drained
A: antennae 2, yellow scales 1, nightstalker 1, shaggy fur 1, rot immunity,
MP-powered wands
a: Depart the Abyss, Bend Space, Banish, Renounce Religion


You were on level 6 of the Dungeon.
You worshipped Lugonu.
Lugonu was most pleased with you.
You were not hungry.

You visited 2 branches of the dungeon, and saw 7 of its levels.
You visited the Abyss 1 time.

You collected 353 gold pieces.
You spent 247 gold pieces at shops.

Inventory:

Hand Weapons
 a - a +2 hand axe (weapon)
Armour
 b - a +0 leather armour
 g - a +1 ring mail
 n - the +1 pair of boots of Nealyus (worn) {rC+ Str+4}
   (You bought it in a shop on level 4 of the Dungeon)

   It affects your strength (+4).
   It protects you from cold.
 o - a +0 chain mail (worn)
Jewellery
 d - a ring of poison resistance (left hand)
 k - an uncursed ring of ice
 l - an uncursed ring of ice
 m - a ring of protection from cold (right hand)
 s - an amulet of guardian spirit (around neck)
Wands
 p - a wand of paralysis (10)
Scrolls
 e - 3 scrolls of teleportation
 h - a scroll of enchant armour
 i - 3 scrolls of identify
 q - a scroll of amnesia
 t - a scroll of magic mapping
 u - a scroll of remove curse
Potions
 j - a potion of brilliance
Comestibles
 c - 9 rations


   Skills:
 - Level 6.1(3.7) Fighting
 - Level 1.7(0.0) Axes
 - Level 5.0(2.7) Armour
 - Level 0.8(0.0) Dodging
 + Level 6.6(4.2) Invocations
 + Level 4.5(2.2) Evocations


You had 7 spell levels left.
You didn't know any spells.
Your spell library contained the following spells:

 Spells                   Type           Power        Failure   Level  Hunger
 Confuse                  Hex            #.......     100%        3    ####...
 Tukima's Dance           Hex            #.......     100%        3    ####...
 Ensorcelled Hibernation  Hex/Ice        #.....       99%         2    ###....
 Corona                   Hex            #......      98%         1    ##.....
 Dazzling Spray           Conj/Hex       #.....       100%        3    ####...


Dungeon Overview and Level Annotations

Branches:
Dungeon (6/15)             Temple (1/1) D:5

Altars:
Cheibriados
Dithmenos
Fedhas
Gozag
Kikubaaqudgha
Makhleb
Nemelex Xobeh
Okawaru
Ru
Uskayaw
Vehumet
Wu Jian
Xom
Yredelemnul
Zin
The Shining One

Shops:
D:4 [


Innate Abilities, Weirdness & Mutations

You have a pair of antennae on your head.
You are partially covered in yellow scales. (AC +2)
You are slightly more attuned to the shadows.
You are immune to rotting.
You are covered in fur. (AC +1)
You expend magic power (3 MP) to strengthen your wands.


Message History

You hit the gnoll. The gnoll closely misses you.
The gnoll hits you from afar with a spear of freezing.
* * * LOW HITPOINT WARNING * * *
The gnoll shaman calls down the wrath of its god upon you.
You resist with some effort.
The gnoll hits you but does no damage. x2
The gnoll shaman barely misses you.
You closely miss the gnoll shaman.
The gnoll shaman is almost dead.
You hit the gnoll but do no damage.
The gnoll hits you from afar with a spear of freezing.
* * * LOW HITPOINT WARNING * * *
The gnoll closely misses you.
The gnoll shaman hits you but does no damage.
The gnoll hits you but does no damage.
You hit the gnoll shaman.
You kill the gnoll shaman!
Lugonu accepts your kill.
Your chain mail prevents you from hitting the gnoll.
The gnoll is no longer moving quickly.
The gnoll hits you with a flail!
You die...

...........#.....#
.........>.......+
#########..#.....##
...# #..........
##.# ##+#..#+###
#.....#.# #.....#.#
#.....#.###
#.......@)#
##+#....#g######
#..###)g....# #..#
#)...### {#..#
#....# #..# #....#
#.. #.#### #.#
#.####


You could see 2 gnolls.

Vanquished Creatures
  Sigmund (D:3)
  Eustachio (D:4)
  A phantom (D:5)
  An ice beast (D:5)
  A bullfrog (D:6)
  4 wights (D:6)
  A crimson imp (D:5)
  2 hounds (D:5)
  A jelly (D:5)
  An orc priest (D:3)
  A gnoll shaman (D:6)
  An orc wizard (D:3)
  A bullfrog skeleton (D:4)
  A centaur skeleton (D:5)
  Natasha (thrice) (D:4)
  A hound skeleton (D:4)
  A worker ant zombie (D:5)
  Robin (D:4)
  6 gnolls
  5 adders
  A shadow imp (D:5)
  4 worms
  2 dart slugs
  4 leopard geckos
  7 orcs
  8 bats
  5 giant cockroaches
  10 hobgoblins
  11 jackals
  2 ball pythons
  4 frilled lizards
  15 goblins
  4 kobolds
  A quokka skeleton (D:4)
  2 rats (D:1)
115 creatures vanquished.

Notes
Turn   | Place    | Note
-------+----------+-------------------------------------------
     0 | Abyss:1  | tyranidshit the Demonspawn Abyssal Knight began the quest for the Orb.
     0 | Abyss:1  | Reached XP level 1. HP: 18/18 MP: 2/2
    21 | Abyss:1  | Noticed a small abomination
    33 | D:1      | Escaped the Abyss
    72 | D:1      | Reached * piety under Lugonu
   300 | D:1      | Gained mutation: You are partially covered in yellow scales. (AC +2) [demonic ancestry]
   300 | D:1      | Reached XP level 2. HP: 24/24 MP: 3/3
   844 | D:1      | Gained mutation: You have a pair of small antennae on your head. [demonic ancestry]
   844 | D:1      | Reached XP level 3. HP: 2/31 MP: 4/4
  1026 | D:2      | Reached ** piety under Lugonu
  1139 | D:2      | Gained mutation: You are immune to rotting. [demonic ancestry]
  1139 | D:2      | Reached XP level 4. HP: 25/38 MP: 5/5
  1141 | D:2      | Reached skill level 5 in Fighting
  1405 | D:2      | Gained mutation: You evolve. [potion of mutation]
  1405 | D:2      | Gained mutation: You are covered in fur. (AC +1) [potion of mutation]
  1405 | D:2      | Lost mutation: You evolve. [potion of mutation]
  1405 | D:2      | Gained mutation: You expend magic power (3 MP) to strengthen your wands. [potion of mutation]
  1855 | D:3      | Gained mutation: You are slightly more attuned to the shadows. [demonic ancestry]
  1855 | D:3      | Reached XP level 5. HP: 28/46 MP: 6/6
  1992 | D:3      | Found a shimmering altar of Xom.
  1992 | D:3      | Found a glowing silver altar of Zin.
  1992 | D:3      | Noticed an angel
  2015 | D:3      | Found an iron altar of Okawaru.
  2133 | D:3      | Noticed Sigmund
  2154 | D:3      | Killed Sigmund
  2154 | D:3      | Gained mutation: You have a pair of antennae on your head. [demonic ancestry]
  2154 | D:3      | Reached XP level 6. HP: 41/52 MP: 3/7
  2291 | D:3      | Found a snail-covered altar of Cheibriados.
  2514 | D:4      | Noticed Eustachio
  2522 | D:4      | Killed Eustachio
  2566 | D:4      | Reached skill level 5 in Armour
  2566 | D:4      | Reached XP level 7. HP: 42/58 MP: 6/8
  2692 | D:4      | Noticed Natasha
  2708 | D:4      | Killed Natasha
  2789 | D:4      | Found an opulent altar of Gozag.
  2826 | D:4      | Noticed Natasha
  2840 | D:4      | Killed Natasha
  2840 | D:4      | Reached skill level 1 in Evocations
  2863 | D:4      | Found Qezxecut's Antique Armour Shoppe.
  2876 | D:4      | Bought a pair of ichor-stained boots for 247 gold pieces
  2881 | D:4      | Identified the +1 pair of boots of Nealyus {rC+ Str+4} (You bought it in a shop on level 4 of the Dungeon)
  2894 | D:4      | Reached *** piety under Lugonu
  2900 | D:4      | Noticed Robin
  2913 | D:4      | Killed Robin
  2963 | D:4      | Noticed Natasha
  2980 | D:4      | Killed Natasha
  3150 | D:5      | Entered Level 5 of the Dungeon
  3262 | D:5      | Found a sparkling altar of Nemelex Xobeh.
  3473 | D:5      | Reached skill level 5 in Invocations
  3566 | D:5      | Reached XP level 8. HP: 44/64 MP: 12/12
  3603 | D:5      | Found a staircase to the Ecumenical Temple.
  3762 | Temple   | Entered the Ecumenical Temple
  4214 | D:6      | HP: 3/64 [wight/vampiric spear (5)]
  4242 | D:6      | Slain by a gnoll

Skill      XL: |  1  2  3  4  5  6  7  8 |
---------------+-------------------------+-----
Fighting       | 4 5 6 |  6.1
Armour         | 3 5 |  5.0
Invocations    | 5 6 |  6.6
Evocations     | 3 4 |  4.5
Axes           | |  1.7
Dodging        | |  0.8

Action                   |  1- 3 |  4- 6 |  7- 9 || total
-------------------------+-------+-------+-------++-------
Melee: Hand axe          |   137 |   152 |   205 ||   494
Invok: Depart the Abyss  |     1 |       |       ||     1
Evoke: Wand              |     1 |     6 |     7 ||    14
  Use: Scroll            |     4 |     2 |     3 ||     9
       Potion            |     1 |     4 |     2 ||     7
 Stab: Sleeping          |       |     2 |       ||     2
       Paralysed         |       |       |    14 ||    14
  Eat: Ration            |     1 |     1 |     2 ||     4
Armor: Leather armour    |     7 |       |       ||     7
       Ring mail         |    84 |    83 |    27 ||   194
       Chain mail        |       |       |   123 ||   123
Dodge: Dodged            |   104 |    92 |   132 ||   328
